[Event "Titled Tuesday Blitz June 28 Late 2022"]
[White "Kuzmin, Roman"]
[Black "Hua, Lefong"]
[WhiteFideId "44134932"]
[BlackFideId "2602253"]
[WhiteElo "1968"]
[BlackElo "2592"]
[Result "0-1"]
[Round "07"]
[TimeControl "180+1"]
[Date "2022.06.29"]
[WhiteClock "0:00:01"]
[BlackClock "0:00:13"]

1. e4 c5 2. Nf3 g6 3. d4 cxd4 4. Nxd4 Bg7 5. Nc3 Nc6 6. Be3 Nf6 7. Nxc6 bxc6 8. e5 Nd5 9. Nxd5 cxd5 10. Qxd5 Rb8 11. Bc4 O-O 12. O-O Bb7 13. Qd3 a5 14. Bd4 Qc7 15. Rfe1 Qc6 16. f3 Rfc8 17. b3 Qc7 18. Rad1 Bc6 19. f4 a4 20. f5 e6 21. f6 Bf8 22. h4 axb3 23. axb3 Ra8 24. h5 Qb7 25. hxg6 fxg6 26. Qg3 Be4 27. Re2 Rxc4 28. bxc4 Bf5 29. Rf1 Kf7 30. Rxf5 exf5 31. Qh4 h5 32. Qf4 Qc6 33. Qe3 Qxc4 34. e6+ Qxe6 35. Qd3 Qd5 36. c4 Qc6 37. Qb3 Ra3 38. Qb2 Qxc4 39. Re1 Bd6 40. Qb7 Qxd4+ 0-1


[Site "https://www.chess.com"]

[Event "Titled Tuesday Blitz June 28 Late 2022"]
[White "Ladan, Nicholas"]
[Black "Diaz Rosas, Julio Cesar"]
[WhiteFideId "30918855"]
[BlackFideId "5105099"]
[WhiteElo "2502"]
[BlackElo "2662"]
[Result "0-1"]
[Round "07"]
[TimeControl "180+1"]
[Date "2022.06.29"]
[WhiteClock "0:00:45"]
[BlackClock "0:00:22"]

1. d4 d5 2. c4 e6 3. Nf3 a6 4. g3 dxc4 5. Bg2 Nc6 6. O-O Rb8 7. e3 b5 8. b3 cxb3 9. axb3 Bb7 10. Qe2 Nf6 11. Bd2 Bb4 12. Rc1 Bxd2 13. Nfxd2 Ne7 14. Bxb7 Rxb7 15. Rxa6 O-O 16. Nc3 c6 17. Nce4 Nxe4 18. Nxe4 Rb8 19. Nc5 Ra8 20. Rca1 Rxa6 21. Rxa6 Qd5 22. Ra7 Re8 23. Qa2 h5 24. h3 h4 25. g4 Qf3 26. Nd3 Qd1+ 27. Kh2 Qxd3 28. Qa5 Nd5 29. Qa6 Qc2 30. Kg1 Qd1+ 31. Kg2 Qe2 32. Kg1 Nxe3 33. fxe3 Qxe3+ 34. Kg2 Qg3+ 35. Kf1 Qxh3+ 36. Kf2 Qg3+ 37. Kf1 Qf4+ 38. Ke1 Qe4+ 39. Kf1 Qd3+ 40. Kg2 Qxd4 41. Qb7 Qxg4+ 42. Kh2 Qf4+ 43. Kg2 Rd8 44. Ra8 Rxa8 45. Qxa8+ Kh7 46. Qe8 Qg3+ 47. Kh1 Qf3+ 48. Kh2 h3 49. Qxc6 Qxc6 0-1


[Site "https://www.chess.com"]

[Event "Titled Tuesday Blitz June 28 Late 2022"]
[White "Ladopoulos, Dimitrios"]
[Black "Paravyan, David"]
[WhiteFideId "4239580"]
[BlackFideId "4194985"]
[WhiteElo "2195"]
[BlackElo "2569"]
[Result "1/2-1/2"]
[Round "07"]
[TimeControl "180+1"]
[Date "2022.06.28"]
[WhiteClock "0:00:02"]
[BlackClock "0:00:02"]

1. Nf3 Nf6 2. d4 g6 3. g3 Bg7 4. Bg2 d5 5. O-O O-O 6. c4 c6 7. cxd5 cxd5 8. Nc3 Ne4 9. Bd2 Nc6 10. e3 Bf5 11. Qb3 Na5 12. Qxd5 b6 13. Qxd8 Rfxd8 14. Nxe4 Bxe4 15. Bc3 Rac8 16. Nd2 Bxg2 17. Kxg2 e5 18. Nf3 exd4 19. Bxd4 Rc2 20. Rac1 Rdc8 21. Bc3 R8xc3 22. bxc3 Rxa2 23. c4 Bf8 24. Nd4 Ra4 25. Nb5 Nxc4 26. Ra1 Rb4 27. Nxa7 Rb2 28. Kg1 Nd2 29. Rfd1 Bc5 30. Nc6 Ne4 31. Rf1 Nd2 32. Rfc1 Ne4 33. Rf1 Nd2 34. Rfd1 Nf3+ 35. Kg2 Ng5 36. Rab1 Ra2 37. Nb4 Ra3 38. Nd3 Ne4 39. Nxc5 bxc5 40. Rb2 Kg7 41. Rc2 h5 42. f3 Ng5 43. e4 Ne6 44. Rd5 Ra8 45. h4 Rc8 46. Kf2 Kf6 47. Ke3 Rb8 48. Rc3 Rb1 49. g4 hxg4 50. fxg4 Rh1 51. h5 Rh3+ 52. Kd2 Rh2+ 53. Kc1 Rh4 54. hxg6 Kxg6 55. e5 Rxg4 56. Kd2 Kf5 57. Rd7 Rg7 58. Rf3+ Nf4 59. Rd6 Kxe5 60. Rc6 Rg2+ 61. Kd1 Ne6 62. Rc8 Rg7 63. Re3+ Kd4 64. Rh3 Kc4 65. Rh4+ Nd4 66. Rh5 Kd3 67. Ke1 f5 68. Re8 c4 69. Rh3+ Kc2 70. Ree3 f4 71. Rc3+ Kb2 72. Rxc4 Re7+ 73. Kf2 Re2+ 74. Kf1 Rd2 75. Rh4 Rd1+ 76. Kf2 Rd2+ 77. Kf1 Kb3 78. Rc8 f3 79. Rd8 Rd1+ 80. Kf2 Kc3 81. Rf4 Rd2+ 82. Kf1 Rd1+ 83. Kf2 Rd2+ 84. Kf1 Rd3 85. Kf2 Rd2+ 1/2-1/2


[Site "https://www.chess.com"]

[Event "Titled Tuesday Blitz June 28 Late 2022"]
[White "Lashkin, Jegor"]
[Black "Yuan, Qingyu"]
[WhiteFideId "13907808"]
[BlackFideId "8609772"]
[WhiteElo "2368"]
[BlackElo "2359"]
[Result "1-0"]
[Round "07"]
[TimeControl "180+1"]
[Date "2022.06.28"]
[WhiteClock "0:00:23"]
[BlackClock "0:00:04"]

1. d4 d5 2. c4 e6 3. Nc3 Nf6 4. cxd5 exd5 5. Bg5 c6 6. Qc2 h6 7. Bh4 Be7 8. e3 O-O 9. Bd3 Re8 10. Nge2 Nbd7 11. a4 a5 12. O-O Nb8 13. Rad1 Na6 14. Qc1 Nb4 15. Bb1 Nh5 16. Bxe7 Qxe7 17. Qd2 Qg5 18. Nc1 Bf5 19. Bxf5 Qxf5 20. Nb3 Nf6 21. f3 Qg6 22. Rfe1 Re7 23. Re2 b6 24. Nc1 Rae8 25. N3a2 Nxa2 26. Nxa2 Re6 27. Nc1 Qg5 28. Rde1 Nd7 29. Nd3 Qd8 30. b3 Qc7 31. Qc3 Qd6 32. e4 dxe4 33. fxe4 Qb8 34. e5 Kh8 35. Nf4 R6e7 36. Qxc6 Kg8 37. Nd5 Nf8 38. Nxe7+ Rxe7 39. d5 Rc7 40. Qd6 Qb7 41. e6 fxe6 42. dxe6 Re7 43. Qd8 Qa7 44. Rf2 Kh7 45. Qxf8 b5 46. Qf5+ Kh8 47. axb5 Rxe6 48. Qxe6 Qd4 49. Qe8+ Kh7 50. Qe4+ Qxe4 51. Rxe4 Kg6 52. Ra4 h5 53. Rxa5 1-0


[Site "https://www.chess.com"]

[Event "Titled Tuesday Blitz June 28 Late 2022"]
[White "Lauridsen, Jesper Morch"]
[Black "Mortazavi, Ali"]
[WhiteFideId "1401890"]
[BlackFideId "401323"]
[WhiteElo "2240"]
[BlackElo "2339"]
[Result "0-1"]
[Round "07"]
[TimeControl "180+1"]
[Date "2022.06.29"]
[WhiteClock "0:00:01"]
[BlackClock "0:00:26"]

1. e3 b6 2. b3 Bb7 3. Bb2 e6 4. Nf3 Nf6 5. d4 c5 6. Bd3 Qc7 7. O-O Ng4 8. Ne5 Nxe5 9. dxe5 Nc6 10. f4 O-O-O 11. Nc3 a6 12. a4 d6 13. exd6 Bxd6 14. Qe2 Nb4 15. a5 Nxd3 16. cxd3 b5 17. Rac1 Kb8 18. b4 Qe7 19. bxc5 Bxc5 20. d4 Ba7 21. f5 e5 22. dxe5 Qxe5 23. Nd1 Qe4 24. Bxg7 Rhg8 25. f6 Rd5 26. Kh1 Rg5 27. Rg1 h5 28. Qc2 Qe5 29. Nf2 Ka8 30. Nh3 Bb8 31. Nf4 Qxe3 32. Ne2 Qh3 0-1


[Site "https://www.chess.com"]

[Event "Titled Tuesday Blitz June 28 Late 2022"]
[White "Laurusas, Tomas"]
[Black "Van Foreest, Jorden"]
[WhiteFideId "12803731"]
[BlackFideId "1039784"]
[WhiteElo "2442"]
[BlackElo "2609"]
[Result "0-1"]
[Round "07"]
[TimeControl "180+1"]
[Date "2022.06.28"]
[WhiteClock "0:00:59"]
[BlackClock "0:01:59"]

1. d4 e6 2. c4 d5 3. Nc3 h6 4. Nf3 Nf6 5. Bf4 Bd6 6. Bg3 O-O 7. e3 a6 8. Rc1 Bxg3 9. hxg3 Nbd7 10. cxd5 exd5 11. Bd3 c6 12. O-O Qe7 13. Na4 Ne8 14. Qb3 Nd6 15. Qa3 Re8 16. Rfe1 Rb8 17. Re2 g6 18. Rce1 Kg7 19. Qb3 Nf6 20. Ne5 Bf5 21. Nc5 Bxd3 22. Nexd3 Nfe4 23. Qa3 Nxc5 24. Qxc5 h5 25. a4 Qf6 26. Ne5 Ne4 27. Qb6 h4 28. Nd7 Qd8 29. Nxb8 Qxb6 0-1


[Site "https://www.chess.com"]

[Event "Titled Tuesday Blitz June 28 Late 2022"]
[White "Le Hetet, Nicolas"]
[Black "Sargsyan, Anna M."]
[WhiteFideId "634824"]
[BlackFideId "13308130"]
[WhiteElo "2333"]
[BlackElo "2271"]
[Result "1-0"]
[Round "07"]
[TimeControl "180+1"]
[Date "2022.06.29"]
[WhiteClock "0:00:53"]
[BlackClock "0:01:01"]

1. e4 c6 2. d4 d5 3. e5 Bf5 4. c4 e6 5. Nc3 Ne7 6. Nge2 Nd7 7. Ng3 Bg6 8. h4 h6 9. Bd3 dxc4 10. Bxc4 Nb6 11. Bb3 Ned5 12. h5 Bh7 13. a3 Be7 14. Qg4 Kf8 15. O-O a5 16. f4 a4 17. Bxd5 exd5 18. f5 Bg5 19. f6 gxf6 20. Bxg5 fxg5 21. Qe6 Bg8 22. Rf2 Qd7 23. Qg6 Qg4 24. Raf1 Qxd4 25. Qd6+ Ke8 26. Nf5 1-0


[Site "https://www.chess.com"]

[Event "Titled Tuesday Blitz June 28 Late 2022"]
[White "Leenhouts, Koen"]
[Black "Nikologorsky, Matfei"]
[WhiteFideId "1008439"]
[BlackFideId "24102474"]
[WhiteElo "2596"]
[BlackElo "2386"]
[Result "1/2-1/2"]
[Round "07"]
[TimeControl "180+1"]
[Date "2022.06.29"]
[WhiteClock "0:00:07"]
[BlackClock "0:00:20"]

1. d4 Nf6 2. c4 g6 3. Nc3 d5 4. cxd5 Nxd5 5. e4 Nxc3 6. bxc3 Bg7 7. Qa4+ Bd7 8. Qa3 O-O 9. Bg5 Re8 10. Nf3 Bg4 11. Be2 Nd7 12. O-O c5 13. Rad1 Qc7 14. Bh4 Bxf3 15. Bxf3 e5 16. d5 b5 17. d6 Qc6 18. Be7 Nb6 19. Rd5 Nd7 20. Rfd1 Bf8 21. Bxf8 Kxf8 22. h4 a5 23. Qc1 Kg7 24. h5 h6 25. hxg6 fxg6 26. Qe3 Rad8 27. Bg4 Nf6 28. Rxc5 Nxg4 29. Rxc6 Nxe3 30. fxe3 Kf6 31. Rd5 Re6 32. Rxb5 Rexd6 33. Rxd6+ Rxd6 34. Rxa5 Rd2 35. a4 Rc2 36. Rc5 Kg5 37. Rxe5+ Kg4 38. Kh2 Rxc3 39. Re6 Kg5 40. a5 Rxe3 41. a6 Ra3 42. Kg1 h5 43. Kf2 Kf4 44. Rxg6 Kxe4 45. Kg1 Kf5 46. Rb6 Kg4 47. Kh2 h4 48. Rg6+ Kf5 49. Rc6 Kg5 50. Rb6 Kg4 51. Rf6 Kg5 52. Rd6 Kg4 53. Kg1 h3 54. gxh3+ Kxh3 55. Kf2 Kg4 56. Ke2 Kf5 57. Kd2 Ke5 58. Rh6 Kd5 59. Kc2 Kc5 60. Kb2 Ra4 61. Kb3 Ra1 62. Rh5+ Kb6 63. Rh6+ Ka7 64. Kc4 Rxa6 65. Rxa6+ Kxa6 1/2-1/2


[Site "https://www.chess.com"]

[Event "Titled Tuesday Blitz June 28 Late 2022"]
[White "Leve, Nitai"]
[Black "Diaz, Fernando"]
[WhiteFideId "2006898"]
[BlackFideId "3701255"]
[WhiteElo "2144"]
[BlackElo "1934"]
[Result "1-0"]
[Round "07"]
[TimeControl "180+1"]
[Date "2022.06.29"]
[WhiteClock "0:00:16"]
[BlackClock "0:00:09"]

1. e4 e6 2. d4 d5 3. e5 c5 4. c3 Nc6 5. Nf3 Qb6 6. dxc5 Bxc5 7. Qc2 a5 8. Bd3 Nge7 9. O-O Ng6 10. Qe2 Bd7 11. a4 Qc7 12. Re1 O-O 13. h4 f6 14. exf6 gxf6 15. Qc2 f5 16. Na3 Kh8 17. Nb5 Qd8 18. Bg5 Qb6 19. h5 Rg8 20. hxg6 Rxg6 21. Bf4 Rag8 22. Bf1 Rg4 23. Be5+ Nxe5 24. Nxe5 Be8 25. Nd4 Bxd4 26. Nxg4 Bg7 27. Nh2 Bg6 28. Nf3 Qd6 29. Qe2 Re8 30. Ne5 Re7 31. Nxg6+ hxg6 32. Rad1 Kg8 33. Qf3 Kf7 34. Bd3 Bf6 35. Bb1 Kg7 36. Ba2 Re8 37. Bxd5 Rh8 38. Rxe6 Qh2+ 39. Kf1 Qh1+ 40. Ke2 Qh4 41. Bb3 g5 42. Rd7+ Kg6 43. Rdd6 Rf8 44. g3 Qh8 45. Bc2 Qh3 46. Rb6 Rf7 47. Rb5 Kg7 48. Rxf5 Qh6 49. Rfxf6 Rxf6 50. Rxf6 Qxf6 51. Qxf6+ Kxf6 52. Kf3 Ke5 53. Kg4 Kd6 54. f4 Kc5 55. fxg5 b5 56. g6 bxa4 57. Bxa4 Kc4 58. g7 Kd3 59. g8=Q Kd2 60. Qd5+ Kc1 61. Qd3 Kxb2 62. Qc2+ Ka3 63. Qb3# 1-0


[Site "https://www.chess.com"]

[Event "Titled Tuesday Blitz June 28 Late 2022"]
[White "Manukian, Artak"]
[Black "Curtis, John"]
[WhiteFideId "13301373"]
[BlackFideId "3200256"]
[WhiteElo "2465"]
[BlackElo "2203"]
[Result "1-0"]
[Round "07"]
[TimeControl "180+1"]
[Date "2022.06.29"]
[WhiteClock "0:02:01"]
[BlackClock "0:01:57"]

1. e4 c5 2. Nf3 e6 3. c3 d5 4. e5 Bd7 5. d4 Qb6 6. a3 Bb5 7. c4 Bxc4 8. Bxc4 dxc4 9. Nbd2 Nc6 10. Nxc4 Qd8 11. dxc5 Qxd1+ 12. Kxd1 Bxc5 13. Ke2 O-O-O 14. Be3 Be7 15. b4 f6 16. b5 Nxe5 17. Ncxe5 fxe5 18. Nxe5 Bf6 19. Rac1+ Kb8 20. Nf7 1-0


[Site "https://www.chess.com"]

[Event "Titled Tuesday Blitz June 28 Late 2022"]
[White "Matlakov, Maxim"]
[Black "Bekturov, Tamerlan"]
[WhiteFideId "4168003"]
[BlackFideId "13710184"]
[WhiteElo "2669"]
[BlackElo "2151"]
[Result "1/2-1/2"]
[Round "07"]
[TimeControl "180+1"]
[Date "2022.06.28"]
[WhiteClock "0:00:07"]
[BlackClock "0:00:03"]

1. e4 e5 2. Nf3 Nc6 3. Bb5 a6 4. Ba4 Nf6 5. d3 b5 6. Bb3 d6 7. a4 Rb8 8. axb5 axb5 9. h3 Be7 10. O-O O-O 11. Nc3 Be6 12. Nd5 Bxd5 13. exd5 Nb4 14. d4 e4 15. Nd2 Ra8 16. Rxa8 Qxa8 17. Qe2 Nbxd5 18. Nxe4 Qb7 19. Ng3 Re8 20. Nf5 Bf8 21. Qf3 c6 22. c3 Qd7 23. Bc2 g6 24. Nh6+ Kh8 25. Bg5 Bg7 26. Ra1 Rf8 27. Re1 Re8 28. Ra1 Rf8 29. Bb3 Qe6 30. Bxf6 Bxf6 31. Ng4 Bg7 32. Ne3 b4 33. cxb4 Bxd4 34. b5 Bxe3 35. bxc6 Bxf2+ 36. Kxf2 Qf6 37. Qxf6+ Nxf6 38. Rc1 Ne4+ 39. Ke3 Nc5 40. Bd5 Rc8 41. b4 Ne6 42. b5 Nc7 43. Bf3 Rb8 44. Rb1 Rxb5 45. Rxb5 Nxb5 46. Ke4 Kg8 47. Kd5 Kf8 48. Bg4 Ke7 49. Be2 Nc7+ 50. Kc4 Kd8 51. Kd4 Ne6+ 52. Kd5 Kc7 53. Bc4 Nf4+ 54. Ke4 d5+ 55. Bxd5 Nxg2 56. Bxf7 Kxc6 57. Ke5 Kd7 58. Kf6 Nf4 59. h4 Ng2 60. Kg5 Ke7 61. Bg8 h6+ 62. Kxg6 Nxh4+ 63. Kxh6 1/2-1/2


[Site "https://www.chess.com"]

[Event "Titled Tuesday Blitz June 28 Late 2022"]
[White "Melikhov, Evgeny V."]
[Black "Colivet Gamboa, Julio Cesar"]
[WhiteFideId "4122046"]
[BlackFideId "3949583"]
[WhiteElo "1904"]
[BlackElo "1743"]
[Result "1-0"]
[Round "07"]
[TimeControl "180+1"]
[Date "2022.06.29"]
[WhiteClock "0:00:43"]
[BlackClock "0:00:24"]

1. d4 Nf6 2. c4 e6 3. Nc3 d5 4. cxd5 exd5 5. Bg5 Be7 6. e3 O-O 7. Bd3 h6 8. Bh4 b6 9. Nf3 Bb7 10. O-O c5 11. Ne5 Nbd7 12. Qa4 Nxe5 13. dxe5 Nd7 14. Bg3 a6 15. Qg4 c4 16. Bc2 Nc5 17. Rad1 b5 18. f4 b4 19. Ne2 Qb6 20. Nd4 b3 21. axb3 Nxb3 22. Nf5 Bf6 23. exf6 Qxf6 24. Nd4 Nc5 25. Bh4 Qb6 26. Qf5 g6 27. Qf6 Qxf6 28. Bxf6 Rfe8 29. Nf3 Rab8 30. Bd4 Nd7 31. Ba4 Red8 32. Bxd7 Rxd7 33. Ne5 Re7 34. Ng4 h5 35. Ne5 a5 36. Ra1 Ra8 37. Ra3 Bc8 38. Rfa1 1-0


[Site "https://www.chess.com"]

[Event "Titled Tuesday Blitz June 28 Late 2022"]
[White "Mendez Fortes, Eduardo Jesus"]
[Black "Kovacevic, Radmila"]
[WhiteFideId "3502376"]
[BlackFideId "933171"]
[WhiteElo "2321"]
[BlackElo "2115"]
[Result "1-0"]
[Round "07"]
[TimeControl "180+1"]
[Date "2022.06.29"]
[WhiteClock "0:01:56"]
[BlackClock "0:00:03"]

1. e4 e5 2. Nf3 d5 3. Nxe5 Bd6 4. d4 dxe4 5. Nc3 Bxe5 6. dxe5 Qxd1+ 7. Kxd1 Nc6 8. Nxe4 Nxe5 9. Bf4 Ng4 10. f3 Bf5 11. fxg4 Bxe4 12. Bc4 O-O-O+ 13. Kc1 Bxg2 14. Rg1 Bd5 15. Bd3 Ne7 16. b3 Ng6 17. Bg3 Rhe8 18. Kb2 Be4 19. Bc4 Rd2 20. Rac1 Re7 21. Rge1 f6 22. h4 Rg2 23. Rg1 Rxg1 24. Rxg1 Ne5 25. Bg8 Nf3 26. Rf1 Nd4 27. Rf2 Nc6 28. g5 fxg5 29. hxg5 Kd7 30. Bh4 Re8 31. Rd2+ Kc8 32. Bf7 Rd8 33. Be6+ Kb8 34. Rf2 Bd5 35. g6 Bxe6 36. Bxd8 Nxd8 37. gxh7 Nf7 38. Rxf7 Bxf7 39. h8=Q+ Be8 40. Qxe8# 1-0


[Site "https://www.chess.com"]

[Event "Titled Tuesday Blitz June 28 Late 2022"]
[White "Meunier-Pion, Jean"]
[Black "Clarke, Brandon G I"]
[WhiteFideId "20685327"]
[BlackFideId "400319"]
[WhiteElo "2124"]
[BlackElo "2414"]
[Result "0-1"]
[Round "07"]
[TimeControl "180+1"]
[Date "2022.06.28"]
[WhiteClock "0:00:01"]
[BlackClock "0:01:28"]

1. e4 e6 2. d4 d5 3. Nd2 Nc6 4. Ngf3 Nf6 5. e5 Nd7 6. c4 Nb6 7. c5 Nd7 8. Bb5 a6 9. Bd3 f6 10. exf6 Qxf6 11. O-O g5 12. Re1 g4 13. Ne5 Ndxe5 14. dxe5 Nxe5 15. Rxe5 Qxe5 16. Qxg4 Bxc5 17. Nf3 Qf6 18. Bg5 Qg7 19. Re1 O-O 20. Qh4 Rxf3 21. gxf3 h6 22. Re5 Qxe5 23. Bd2 Qg7+ 24. Kh1 Be7 25. Qh3 e5 26. Qh5 Bg5 27. Bc3 Be6 28. Be2 d4 29. Bb4 Bf7 30. Qg4 Bf4 31. Qf5 Qg6 32. Qd7 Be6 33. Qxc7 Rc8 34. Qxb7 Rc1+ 0-1


[Site "https://www.chess.com"]

[Event "Titled Tuesday Blitz June 28 Late 2022"]
[White "Munoz, Francisco Javier"]
[Black "Fawole, John Oyeyemi"]
[WhiteFideId "128368"]
[BlackFideId "8501319"]
[WhiteElo "2383"]
[BlackElo "2091"]
[Result "1-0"]
[Round "07"]
[TimeControl "180+1"]
[Date "2022.06.29"]
[WhiteClock "0:00:17"]
[BlackClock "0:00:01"]

1. e4 c5 2. Nf3 d6 3. b3 e6 4. Bb5+ Bd7 5. Bxd7+ Qxd7 6. d4 cxd4 7. Qxd4 Nf6 8. Nc3 Nc6 9. Qd2 Be7 10. Bb2 a6 11. O-O-O Qc7 12. Kb1 O-O 13. h4 Rfd8 14. h5 h6 15. Nd4 Rac8 16. g4 Nxd4 17. Qxd4 d5 18. exd5 exd5 19. g5 hxg5 20. h6 Qf4 21. Qxf4 gxf4 22. hxg7 d4 23. Rdg1 Nh7 24. Ne2 Bf6 25. Nxf4 Rc6 26. Rh5 Bxg7 27. Rh4 Nf8 28. Nh5 Ng6 29. Nxg7 Kxg7 30. Rxd4 Rxd4 31. Bxd4+ Kf8 32. Kb2 b5 33. Be3 Ke7 34. Ra1 Ke6 35. a4 b4 36. a5 Ne7 37. Rh1 Nd5 38. Rh6+ f6 39. Bd4 Kf5 40. f3 Kf4 41. Rh5 1-0


[Site "https://www.chess.com"]

[Event "Titled Tuesday Blitz June 28 Late 2022"]
[White "Nathan, Nitish"]
[Black "Novikova, Galina"]
[WhiteFideId "30927870"]
[BlackFideId "4157095"]
[WhiteElo "2259"]
[BlackElo "1863"]
[Result "0-1"]
[Round "07"]
[TimeControl "180+1"]
[Date "2022.06.29"]
[WhiteClock "0:00:53"]
[BlackClock "0:00:17"]

1. e4 e6 2. e5 d5 3. exd6 Bxd6 4. d4 Nf6 5. Bd3 O-O 6. Ne2 b6 7. Ng3 Bb7 8. Nc3 Bxg2 9. Rg1 Bb7 10. Nh5 g6 11. Bg5 Be7 12. Bxf6 Bxf6 13. Ne4 Bxd4 14. Ng5 Nd7 15. Nf4 Nf6 16. h4 e5 17. Nfe6 fxe6 18. Nxe6 Qe7 19. Nxf8 Rxf8 20. h5 Nxh5 21. Qxh5 Bxf2+ 22. Kd2 Bxg1 23. Rxg1 Rf6 24. Bxg6 hxg6 25. Rxg6+ Rxg6 26. Qxg6+ Qg7 27. Qe6+ Kf8 28. Qf5+ Ke8 29. Qe6+ Qe7 30. Qg6+ Kd8 31. Qg8+ Qe8 32. Qg5+ Kc8 33. b3 e4 34. Ke3 Kb8 35. c4 Qc6 36. Qd8+ Bc8 37. Qd4 Qc5 38. Qxc5 bxc5 39. Kxe4 Kb7 40. Kd5 Kb6 41. a4 Bb7+ 42. Ke6 Bf3 43. Kd7 a5 44. Kc8 Bd1 45. Kb8 Bxb3 46. Ka8 Bxa4 47. Kb8 Bb3 48. Ka8 Bxc4 49. Kb8 a4 50. Ka8 a3 51. Kb8 a2 52. Kc8 a1=Q 53. Kb8 Qh1 54. Kc8 Qa8+ 55. Kd7 Ba6 56. Ke7 Qd5 57. Kf6 c4 58. Ke7 c3 59. Kf6 c2 60. Ke7 c1=Q 61. Kf6 Qf1+ 62. Ke7 Qe2+ 63. Kf6 Qdf3+ 64. Kg5 Qeg2+ 65. Kh4 Qfh3# 0-1


[Site "https://www.chess.com"]

[Event "Titled Tuesday Blitz June 28 Late 2022"]
[White "Navarrete Mendez, Gonzalo Alberto"]
[Black "Dauner, Benedikt"]
[WhiteFideId "5106850"]
[BlackFideId "16225899"]
[WhiteElo "2261"]
[BlackElo "2230"]
[Result "1-0"]
[Round "07"]
[TimeControl "180+1"]
[Date "2022.06.28"]
[WhiteClock "0:00:32"]
[BlackClock "0:00:07"]

1. e4 c5 2. Nf3 a6 3. Nc3 e6 4. d4 cxd4 5. Nxd4 Ne7 6. Bg5 Qa5 7. Qd2 Nbc6 8. Nb3 Qc7 9. Bf4 e5 10. Be3 d6 11. O-O-O Be6 12. Qxd6 Qxd6 13. Rxd6 Ng6 14. Rd2 Bb4 15. Bc5 Bxb3 16. Bxb4 Nxb4 17. axb3 O-O 18. Bc4 b5 19. Bd5 Rac8 20. g3 Rc7 21. Kb1 Rfc8 22. Rhd1 h6 23. Rc1 Ne7 24. Na2 a5 25. c3 Na6 26. Rcd1 Nc5 27. b4 axb4 28. Nxb4 Ra7 29. Ba2 Kh7 30. f3 Rca8 31. Bxf7 Ra1+ 32. Kc2 Rxd1 33. Rxd1 Rc8 34. Nd5 Nc6 35. Kb1 b4 36. Nxb4 Nxb4 37. cxb4 Na6 38. Be6 Rc7 39. Bf5+ Kg8 40. Rd8+ Kf7 41. Rd7+ Rxd7 42. Bxd7 Nxb4 43. Bb5 Ke7 44. Kc1 Kd6 45. Bc4 Kc5 46. b3 Kd4 47. Kd2 Nc6 48. Bd5 Nb4 49. f4 Na6 50. fxe5 Kxe5 51. Ke3 Nb4 52. Bc4 Nc2+ 53. Kf3 Nd4+ 54. Ke3 Nc6 55. Bd5 Nd4 56. h3 g6 57. Bf7 g5 58. Bd5 Nc2+ 59. Kf3 Nd4+ 60. Kg4 Kf6 61. Kh5 Kg7 62. h4 gxh4 63. gxh4 Nf3 64. b4 Nd4 65. Kg4 Nc2 66. b5 Nd4 67. b6 Nb5 68. b7 Nd6 69. b8=Q Nf7 70. Qc7 h5+ 71. Kxh5 Kh8 72. Bxf7 Kg7 73. Bg6+ Kf6 74. Qf7+ Ke5 75. Qf5+ Kd4 76. e5 Ke3 77. e6 Kd4 78. e7 1-0


[Site "https://www.chess.com"]

[Event "Titled Tuesday Blitz June 28 Late 2022"]
[White "Omariev, Maksim"]
[Black "Sibilio, Mario"]
[WhiteFideId "4193423"]
[BlackFideId "800422"]
[WhiteElo "2437"]
[BlackElo "2296"]
[Result "1-0"]
[Round "07"]
[TimeControl "180+1"]
[Date "2022.06.29"]
[WhiteClock "0:00:07"]
[BlackClock "0:00:19"]

1. g4 d5 2. Bg2 c6 3. h3 e5 4. d4 exd4 5. Qxd4 Nf6 6. c4 dxc4 7. Qxc4 Be6 8. Qa4 Nbd7 9. Nc3 Nc5 10. Qc2 Be7 11. Nf3 O-O 12. O-O a5 13. Bf4 Nd5 14. Rad1 Nxf4 15. Rxd8 Rfxd8 16. e3 Nxg2 17. Kxg2 b5 18. Rd1 Rxd1 19. Qxd1 b4 20. Na4 Rd8 21. Qc2 b3 22. axb3 Bxb3 23. Qc3 Bxa4 24. Qxa5 Bc2 25. Qc7 Bf8 26. Qxd8 Be4 27. Kg3 Bd5 28. Nd4 Ne4+ 29. Kg2 Nd6+ 30. f3 c5 31. Nf5 Nxf5 32. gxf5 Bb3 33. e4 f6 34. f4 g6 35. fxg6 hxg6 36. Qxf6 Bf7 37. e5 Bg7 38. Qd8+ Bf8 39. Qd7 Bb3 40. e6 Bxe6 41. Qxe6+ Kg7 42. Kg3 Kh7 43. Kg4 Bg7 44. Kg5 Bh6+ 45. Kg4 Bg7 46. Qf7 Kh6 47. b3 Bd4 48. h4 1-0


[Site "https://www.chess.com"]

[Event "Titled Tuesday Blitz June 28 Late 2022"]
[White "Pakleza, Zbigniew"]
[Black "Yoo, Christopher Woojin"]
[WhiteFideId "1119290"]
[BlackFideId "30909694"]
[WhiteElo "2467"]
[BlackElo "2105"]
[Result "1-0"]
[Round "07"]
[TimeControl "180+1"]
[Date "2022.06.28"]
[WhiteClock "0:00:07"]
[BlackClock "0:00:01"]

1. d4 Nf6 2. Nf3 g6 3. Bf4 Bg7 4. e3 O-O 5. Be2 b6 6. O-O Bb7 7. h3 d6 8. a4 a5 9. Nbd2 Nbd7 10. c3 Ne4 11. Nxe4 Bxe4 12. Bg3 Bb7 13. Nd2 e5 14. Bf3 Qc8 15. Bxb7 Qxb7 16. Qf3 Rfb8 17. Qxb7 Rxb7 18. Rfb1 exd4 19. exd4 d5 20. Rd1 Nf8 21. Kf1 Ne6 22. Nf3 c5 23. Be5 Rc8 24. dxc5 bxc5 25. Bxg7 Kxg7 26. Rxd5 Rxb2 27. Ne5 Rc2 28. Rd7 Rc7 29. Rxc7 Nxc7 30. Nc4 Rxc3 31. Nxa5 c4 32. Ke2 Rc2+ 33. Ke3 c3 34. Nc4 Nd5+ 35. Kd4 Nb4 36. Kc5 Na6+ 37. Kb6 Nb8 38. Kc7 Na6+ 39. Kb6 Nb4 40. a5 Rxf2 41. Kb5 Nd5 42. Kc5 Nc7 43. Kb6 Nd5+ 44. Kc5 Rf5 45. Nd6 Rg5 46. h4 Re5 47. Nc4 Rf5 48. g4 Rf4 49. Kxd5 c2 50. a6 Rf6 51. Rc1 Rxa6 52. Rxc2 Ra4 53. Rg2 Ra1 54. Ne5 Rd1+ 55. Ke4 Re1+ 56. Kf4 Ra1 57. Nf3 Ra4+ 58. Kg3 Kf6 59. Rf2 Kg7 60. Ng5 f6 61. Ne6+ Kf7 62. Nf4 Ra3+ 63. Rf3 Ra1 64. Nd5 Ra6 65. g5 f5 66. Rb3 Ra7 67. Rc3 Ke6 68. Nf4+ Ke5 69. Re3+ Kd4 70. Re8 Ra3+ 71. Kf2 Ra2+ 72. Ne2+ Kd5 73. Re7 Ra4 74. Rxh7 f4 75. h5 gxh5 76. g6 Ra6 77. g7 Ra8 78. Rh8 1-0


[Site "https://www.chess.com"]

[Event "Titled Tuesday Blitz June 28 Late 2022"]
[White "Papp, Levente"]
[Black "Lopez Gracia, Fernando"]
[WhiteFideId "751243"]
[BlackFideId "2207184"]
[WhiteElo "2308"]
[BlackElo "2473"]
[Result "1-0"]
[Round "07"]
[TimeControl "180+1"]
[Date "2022.06.28"]
[WhiteClock "0:00:30"]
[BlackClock "0:01:08"]

1. c4 e6 2. Nf3 Nf6 3. g3 d5 4. Bg2 dxc4 5. O-O Be7 6. Na3 a6 7. Nxc4 b5 8. Nfe5 Nd5 9. Na5 Qd6 10. d4 f6 11. e4 fxe5 12. exd5 Qb6 13. Nb3 Bb7 14. Qh5+ g6 15. Qxe5 O-O 16. Qxe6+ Qxe6 17. dxe6 Bxg2 18. Kxg2 Nc6 19. Bf4 Bd6 20. Rac1 Bxf4 21. Rxc6 Bd6 22. Re1 Rfe8 23. Rc2 a5 24. Nc5 Re7 25. d5 Rd8 26. Nb7 Ra8 27. Nxd6 cxd6 28. Rc6 1-0


[Site "https://www.chess.com"]

[Event "Titled Tuesday Blitz June 28 Late 2022"]
[White "Pershin, Denis"]
[Black "Jessel, Stephen"]
[WhiteFideId "24165506"]
[BlackFideId "628859"]
[WhiteElo "2275"]
[BlackElo "2268"]
[Result "1-0"]
[Round "07"]
[TimeControl "180+1"]
[Date "2022.06.28"]
[WhiteClock "0:00:07"]
[BlackClock "0:00:03"]

1. e4 e6 2. d4 d5 3. Nc3 Nf6 4. e5 Nfd7 5. f4 c5 6. Nf3 Nc6 7. Be3 cxd4 8. Nxd4 Bc5 9. Qd2 O-O 10. O-O-O a6 11. Kb1 Nxd4 12. Bxd4 b5 13. h4 b4 14. Ne2 a5 15. h5 Qb6 16. Qe3 Ba6 17. Ng3 Rfc8 18. f5 Bxd4 19. Rxd4 Qc7 20. Rd2 Qxe5 21. Qf3 a4 22. Bd3 a3 23. c3 bxc3 24. Rc2 cxb2 25. fxe6 Bxd3 26. exf7+ Kf8 27. Qxd3 Rxc2 28. Kxc2 Rc8+ 29. Kb1 Nf6 30. Qxa3+ Kxf7 31. h6 Ne4 32. Rf1+ Kg6 33. Qd3 Rc1+ 34. Rxc1 bxc1=Q+ 35. Kxc1 Qxg3 36. Qxd5 Qe1+ 37. Kc2 Qc3+ 38. Kd1 Qa1+ 39. Kc2 Qb2+ 40. Kxb2 Nf6 41. Qd3+ Kxh6 42. a4 1-0


[Site "https://www.chess.com"]